Map: [ESL] Dragon Scales

Players

Oliveira - Winner!

  • Race: Terran Terran

Clem

  • Race: Terran Terran

Event: IEM Katowice 2023

VOD

Have the link to the VOD?

Description

Time

  • Played on: Feb. 9, 2023, 5:36 a.m.
  • Length: 10:00

All games in this series

Show
View Real Time Build Order
Export as new Build Order

Oliveira Terran - Winner!

Build Orders:  

Get SALT Encoding   

  12  0:00  SCV  
  13  0:12  SCV  
  14  0:17  Supply Depot  
  14  0:24  SCV  
  15  0:39  SCV  
  15  0:41  Barracks  
  16  0:44  Refinery  
  16  0:51  SCV  
  16  0:54  Refinery  
  17  1:03  SCV  
  18  1:15  SCV  
  19  1:28  Orbital Command, Reaper  
  19  1:30  Supply Depot  
  20  1:42  Factory  
  20  1:53  SCV  
  21  2:00  Reaper  
  22  2:06  SCV  
  23  2:18  Command Center  
  23  2:19  SCV  
  24  2:25  Hellion  
  26  2:31  SCV  
  26  2:32  Barracks Tech Lab  
  26  2:34  Supply Depot  
  27  2:43  SCV  
  28  2:50  Starport  
  28  2:55  SCV  
  29  3:00  Cyclone  
  29  3:04  Barracks Tech Lab  
  32  3:07  SCV  
  33  3:16  Refinery  
  33  3:19  SCV  
  34  3:30  Orbital Command  
  34  3:31  SCV  
  38  3:34  Cyclone  
  38  3:36  Banshee  
  41  3:43  SCV  
  41  3:45  Barracks Reactor  
  42  3:56  SCV x2  
  44  4:03  Command Center  
  44  4:08  SCV x2  
  46  4:12  Supply Depot  
  46  4:19  Raven  
  46  4:20  SCV x2  
  44  4:32  SCV x2  
  44  4:34  Siege Tank  
  48  4:38  Marine  
  48  4:39  Marine  
  48  4:44  SCV x2  
  52  4:51  Supply Depot  
  52  4:54  Raven  
  52  4:56  SCV  
  52  4:58  Marine, SCV  
  52  4:59  Marine  
  58  5:09  Siege Tank  
  58  5:10  SCV  
  58  5:12  SCV  
  60  5:16  Marine  
  60  5:17  Marine  
  60  5:24  Orbital Command  
  60  5:26  SCV  
  60  5:28  SCV, Raven  
  63  5:34  Marine  
  63  5:35  Marine  
  65  5:39  Barracks, SCV  
  65  5:40  Barracks, SCV  
  67  5:44  Siege Tank  
  67  5:48  Supply Depot  
  70  5:50  SCV  
  70  5:51  SCV  
  70  5:53  SCV  
  70  5:56  Refinery  
  74  6:04  SCV  
  74  6:05  SCV  
  74  6:08  Marine, Viking x2  
  74  6:09  Orbital Command, Stimpack  
  80  6:14  Supply Depot  
  80  6:16  Siege Tank, SCV  
  84  6:22  SCV  
  85  6:26  Marine  
  85  6:27  Barracks Reactor  
  85  6:28  Barracks Reactor  
  85  6:29  SCV  
  85  6:30  Engineering Bay  
  87  6:34  SCV  
  87  6:35  Engineering Bay, SCV  
  89  6:40  Viking x2  
  89  6:41  Supply Depot  
  89  6:43  SCV  
  89  6:46  SCV  
  96  6:47  SCV  
  96  6:51  Marine  
  97  6:54  Barracks  
  97  6:55  SCV  
  97  6:56  Barracks  
  97  6:57  Supply Depot  
  97  6:58  Supply Depot  
  97  7:00  SCV  
  99  7:01  SCV  
  99  7:03  Siege Tank  
  99  7:07  Terran Infantry Armor Level 1  
  102  7:09  Terran Infantry Weapons Level 1  
  102  7:10  Marine x2  
  102  7:12  SCV  
  102  7:13  SCV  
  106  7:17  Refinery  
  106  7:18  SCV, Refinery  
  106  7:20  Marine x2  
  108  7:24  SCV  
  108  7:25  SCV  
  110  7:36  SCV  
  103  7:38  Marine  
  103  7:39  Marine  
  103  7:40  Marine  
  106  7:45  Marine  
  106  7:47  Siege Tank  
  106  7:49  SCV x2  
  110  7:52  Barracks Reactor x2  
  110  7:53  Marine  
  110  7:54  Combat Shield  
  110  7:56  Marine, Armory  
  110  7:57  Viking  
  113  8:00  Viking  
  113  8:03  Marine  
  113  8:05  SCV, Command Center  
  117  8:13  Marine x2  
  117  8:15  SCV x2  
  121  8:20  Marine  
  121  8:21  Marine x2  
  121  8:22  SCV  
  121  8:25  Supply Depot  
  121  8:26  Siege Tank, Supply Depot  
  129  8:27  SCV  
  129  8:29  Sensor Tower  
  129  8:30  Marine  
  129  8:31  Marine x2  
  132  8:38  SCV  
  132  8:40  Marine  
  133  8:47  Marine x2, Medivac x2, SCV x2  
  141  8:50  Missile Turret  
  141  8:52  Missile Turret  
  141  8:55  Missile Turret  
  141  8:58  Marine  
  141  8:59  Marine x2  
  141  9:00  Siege Tank  
  147  9:08  Marine  
  143  9:10  Marine x3  
  143  9:13  Marine x2  
  143  9:16  Marine  
  149  9:17  Marine  
  149  9:20  Medivac x2  
  149  9:22  Planetary Fortress  
  154  9:26  Marine x2  
  154  9:28  Marine  
  157  9:32  Marine x2  
  157  9:35  Marine x3  
Show
View Real Time Build Order
Export as new Build Order

Clem Terran 

Build Orders: Gas First Reaper Expand, Hellion Opening 

Get SALT Encoding   

  12  0:00  SCV  
  13  0:12  SCV  
  14  0:16  Supply Depot  
  14  0:24  SCV  
  14  0:27  Refinery  
  15  0:38  SCV  
  16  0:44  Barracks  
  16  0:50  SCV  
  17  1:02  SCV  
  18  1:14  SCV  
  19  1:31  Orbital Command, Reaper  
  20  1:43  Command Center  
  20  1:55  Factory  
  20  1:59  SCV  
  21  2:05  Barracks Reactor  
  21  2:09  Supply Depot  
  21  2:13  SCV  
  22  2:19  Refinery  
  22  2:25  SCV  
  23  2:37  SCV  
  23  2:42  Starport  
  24  2:47  Hellion x2  
  24  2:49  SCV  
  29  2:51  Barracks Tech Lab  
  29  2:58  Orbital Command  
  29  3:01  SCV  
  30  3:10  Marauder, Concussive Shells  
  32  3:13  Hellion  
  32  3:18  Hellion  
  36  3:22  Medivac  
  38  3:31  Marauder  
  40  3:34  Hellion  
  40  3:39  Hellion  
  40  3:40  Supply Depot  
  44  3:43  SCV  
  44  3:44  SCV  
  46  3:52  Refinery  
  46  3:55  Starport Tech Lab  
  46  4:01  SCV x2  
  48  4:04  Supply Depot  
  48  4:06  Marine x2  
  48  4:09  Cyclone  
  53  4:14  SCV  
  54  4:24  SCV  
  54  4:25  Raven  
  54  4:26  Marine, SCV  
  54  4:29  Marine  
  47  4:36  SCV  
  47  4:38  SCV  
  45  4:41  Siege Tank  
  45  4:44  Marine  
  49  4:47  Marine  
  49  4:49  SCV  
  49  4:50  SCV  
  49  4:52  Supply Depot  
  52  5:00  Raven  
  52  5:01  SCV  
  52  5:02  SCV  
  53  5:09  Marine x2  
  53  5:13  SCV  
  55  5:14  SCV  
  56  5:25  SCV  
  56  5:26  Command Center, SCV  
  56  5:27  Marine x2  
  56  5:28  Supply Depot  
  60  5:31  Siege Tank  
  60  5:35  Raven  
  65  5:37  SCV  
  65  5:38  SCV  
  67  5:45  Marine x2, Refinery  
  67  5:46  Supply Depot  
  67  5:49  SCV  
  70  5:51  Supply Depot  
  70  5:52  SCV  
  71  5:59  Barracks  
  71  6:02  SCV  
  71  6:03  Siege Tank  
  75  6:04  SCV  
  75  6:08  Barracks  
  76  6:14  SCV  
  76  6:15  Marine, Stimpack  
  76  6:16  SCV  
  79  6:20  Starport Reactor  
  79  6:26  SCV  
  79  6:28  Engineering Bay, SCV  
  79  6:29  Engineering Bay  
  81  6:33  Marine  
  81  6:36  Siege Tank  
  85  6:40  SCV x2  
  85  6:41  Supply Depot  
  87  6:50  Supply Depot  
  87  6:52  Marine, SCV x2  
  89  6:55  Terran Infantry Weapons Level 1  
  89  6:56  Terran Infantry Armor Level 1  
  89  6:57  Supply Depot  
  89  7:02  Marine x2  
  89  7:04  SCV  
  89  7:05  Starport Reactor  
  89  7:06  Orbital Command  
  89  7:07  SCV  
  93  7:09  Marine x2  
  93  7:10  Marine  
  93  7:15  Siege Tank  
  99  7:16  SCV  
  99  7:19  Marine, SCV  
  99  7:20  Marine  
  103  7:26  Marine  
  103  7:28  SCV  
  104  7:33  Supply Depot  
  104  7:34  Marine x2  
  96  7:37  Marine  
  96  7:38  Marine, SCV  
  96  7:39  SCV  
  96  7:43  Viking x2  
  103  7:44  Marine  
  103  7:47  Siege Tank  
  103  7:49  SCV  
  94  7:51  Marine  
  94  7:52  Marine  
  94  7:53  SCV  
  94  7:55  Marine  
  94  7:56  Marine, SCV  
  100  7:59  Combat Shield  
  100  8:02  Marine  
  99  8:07  Barracks  
  99  8:09  Marine x2, Barracks  
  99  8:12  SCV x2  
  100  8:13  Marine, Medivac x2, SCV  
  100  8:14  Marine  
  100  8:19  Siege Tank  
  102  8:20  Marine  
  102  8:24  SCV  
  101  8:27  Marine x2  
  101  8:31  Marine, SCV  
  101  8:32  Marine  
  101  8:33  SCV  
  106  8:38  Marine  
  106  8:41  SCV  
  108  8:43  SCV  
  108  8:45  Marine x2  
  108  8:46  Medivac  
  113  8:48  Marine  
  113  8:49  Marine  
  113  8:51  Siege Tank  
  113  8:53  SCV  
  113  8:55  Marine, SCV  
  121  8:57  Marine  
  119  9:03  Marine x2  
  115  9:11  Marine  
  115  9:12  Medivac  
  115  9:13  Command Center  
  115  9:15  Marine  
  117  9:19  Marine  
  117  9:21  Marine, Barracks Reactor  
  117  9:22  Barracks Reactor  
  118  9:24  Marine  
  118  9:25  Supply Depot  
  118  9:29  Marine  
  119  9:33  Marine  
  119  9:37  Marine  
  120  9:38  Marine  

Tags
 
Add a new tag
Caveats
  • Supply blocks, unpowered buildings, or Contaminate may cause inaccurate times.
  • Supply counts are checked every 10 seconds.